 Dungeon Crawl Stone Soup version 0.26-a0-259-g1effd001a9 (webtiles) character file.

Game seed: 1264779687082659553

21 Esekla the Stinger (level 3, 0/25 HPs)
             Began as a Formicid Venom Mage on July 10, 2020.
             Succumbed to an adder's poison
             ... on level 2 of the Dungeon.
             The game lasted 00:07:15 (696 turns).

Esekla the Stinger (Formicid Venom Mage)             Turns: 696, Time: 00:07:16

Health: 0/25       AC:  2    Str: 12    XL:     3   Next: 5%
Magic:  2/6        EV: 12    Int: 15    God:
Gold:   55         SH:  0    Dex: 11    Spells: 5/7 levels left

rFire    . . .     SeeInvis +   j - +1 war axe
rCold    . . .     Faith    .   (no shield)
rNeg     . . .     Spirit   .   a - +0 robe
rPois    .         Reflect  .   (helmet unavailable)
rElec    .         Harm     .   (no cloak)
rCorr    .                      (no gloves)
MR       .....                  (no boots)
Stlth    ++........             (no amulet)
HPRegen  0.08/turn              (no ring)
MPRegen  0.10/turn              (no ring)

@: lethally poisoned (0 -> -2), stab
A: permanent stasis, dig shafts and tunnels, four strong arms, antennae 3
a: Dig, Shaft Self


You were on level 2 of the Dungeon.
You were not hungry.

You visited 1 branch of the dungeon, and saw 3 of its levels.

You collected 55 gold pieces.

Inventory:

Hand Weapons
 i - a +0 short sword
 j - a +1 war axe (weapon)
Missiles
 h - 8 silver javelins (quivered)
Armour
 a - a +0 robe (worn)
Scrolls
 b - 2 scrolls of magic mapping
 g - 2 scrolls of enchant weapon
Potions
 d - a potion of stabbing
Comestibles
 c - 6 rations


   Skills:
 * Level 0.5 Fighting
 + Level 0.2 Axes
 + Level 1.8 Dodging
 + Level 2.4 Stealth
 * Level 2.6 Spellcasting
   Level 1.1 Transmutations
 * Level 0.2 Air Magic
 + Level 4.5 Poison Magic


You had 5 spell levels left.
You knew the following spells:

 Your Spells              Type           Power        Failure   Level
v - Poisonous Vapours     Pois/Air       #.....       12%         2

Your spell library contained the following spells:

 Spells                   Type           Power        Failure   Level
 Sting                    Tmut/Pois      ##..         7%          1
 Ignite Poison            Fire/Tmut/Pois #.......     28%         3
 Mephitic Cloud           Conj/Pois/Air  #.......     32%         3
 Olgreb's Toxic Radiance  Pois           ###.....     32%         4


Dungeon Overview and Level Annotations

Branches:
Dungeon (3/15)

Altars:


Innate Abilities, Weirdness & Mutations

You cannot be hasted, slowed, berserked, paralysed or teleported.
You can dig through walls and to a lower floor.
Your four strong arms can wield two-handed weapons with a shield.
You have a pair of large antennae on your head. (SInv)


Message History

It is a scroll of amnesia.
Forget Sting, freeing 1 spell level for a total of 5?
Your memory of Sting unravels.
It was a potion of stabbing.
You feel ready to backstab.
* * * LOW HITPOINT WARNING * * *
You feel sick.
* * * LOW HITPOINT WARNING * * *
You feel sick.
* * * LOW HITPOINT WARNING * * *
You feel sick.
Found 19 gold pieces.
Found a scroll labeled ERHEANY EREMET.
You see here 12 gold pieces.
You now have 55 gold pieces (gained 12).
* * * LOW HITPOINT WARNING * * *
You feel sick.
* * * LOW HITPOINT WARNING * * *
You feel sick.
You die...

*###).# #.##$#.#,* #.######.
*#....#####.##.#.#,*#####........
*#.##.##.....#.#.#,,........#####
*#.##.##.##..#.#.#<,......#.<....
*#.##.##.#...#.#.#**###..,#.#####
*#.##..#.#..##.#.# #.**#.##...
*#.#.....#.....#.######,* #.##.##
,#.#.#..##...#........#,**#.##.##
*#.#.##.##...#.#@####.#,{,..##...
#.#.##.###.##.#....#,###########
#.#........##.####.#,#..........
##.####..#.[##.# #.#,#.#########
.......#.#..##.# #.#,#.# #......
.......#.#..##.#**#.#,#.###.#*###
.......#....##.?,{..#,#.....#####
.......##...####**###.##...).....
.......##...#,,,,,...............


There were no monsters in sight!

Vanquished Creatures
  An adder (D:2)
  2 giant cockroaches
  2 goblins
  4 hobgoblins
  A ball python (D:2)
  A kobold (D:2)
11 creatures vanquished.

Notes
Turn   | Place    | Note
-------+----------+-------------------------------------------
     0 | D:1      | Esekla the Formicid Venom Mage began the quest for the Orb.
     0 | D:1      | Reached XP level 1. HP: 13/13 MP: 3/3
     3 | D:1      | Noticed an electric eel
     3 | D:1      | Noticed an electric eel
   343 | D:3      | Reached XP level 2. HP: 19/19 MP: 3/5
   547 | D:2      | Learned a level 2 spell: Poisonous Vapours
   671 | D:2      | Reached XP level 3. HP: 7/25 MP: 0/6
   692 | D:2      | HP: 1/25 [poisoned by an adder]
   696 | D:2      | Succumbed to an adder's poison

Illustrated notes

Levels and vault maps discovered:
D:1:      arrival_aquarium_b, layout_loops_ring
D:2:      layout_basic
D:3:      layout_basic, nemelex_diamond_rough_becter

Action                   || total
-------------------------++-------
Melee: Hand axe          ||    10
       War axe           ||     2
 Cast: Sting             ||     4
       Poisonous Vapours ||     6
  Use: Scroll            ||     4
       Potion            ||     1
Armor: Robe              ||     2
Dodge: Dodged            ||    11

Table legend:
 A = Non-vault XP
 B = Vault XP
 C = Vault XP percentage of total XP
 D = Non-vault monster count
 E = Vault monster count
 F = Vault count percentage of total count
                 A         B        C        D         E       F
            +---------+---------+-------+---------+---------+-------
      Total |      31 |       0 |   0.0 |      11 |       0 |   0.0
            +---------+---------+-------+---------+---------+-------
        D:1 |       2 |       0 |   0.0 |       1 |       0 |   0.0
        D:2 |      25 |       0 |   0.0 |       8 |       0 |   0.0
        D:3 |       4 |       0 |   0.0 |       2 |       0 |   0.0
            +---------+---------+-------+---------+---------+-------
